 Seeded DCSS version 0.31-a0-214-gb37851dbb3 (webtiles) character file.

Game seed: 5419835376511209839 (custom seed)

25 innerfire43 the Trooper (level 2, -2/24 HPs)
             Began as a Demonspawn Monk on July 1, 2023.
             Was a Believer of Fedhas.
             Slain by Terence
             ... wielding a +3 morningstar
              (8 damage)
             ... on level 2 of the Dungeon.
             The game lasted 00:00:52 (822 turns).

innerfire43 the Trooper (Demonspawn Monk)            Turns: 822, Time: 00:00:52

Health: -2/24      AC:  2    Str: 11    XL:     2   Next: 86%
Magic:  2/2        EV: 13    Int: 11    God:    Fedhas [**....]
Gold:   62         SH:  0    Dex: 15    Spells: 1/1 levels left

rFire   . . .        a - +0 hand axe
rCold   . . .        d - orb {light}
rNeg    . . .        b - +0 robe
rPois   .            (no helmet)
rElec   .            (no cloak)
rCorr   .            (no gloves)
SInv    .            (no boots)
Will    .....        (no amulet)
Stlth   +            (no ring)
HPRegen 0.24/turn    (no ring)
MPRegen 0.08/turn

%: no passive effects
@: glowing
A: powered by death 1
a: Renounce Religion, Wall of Briars


You were on level 2 of the Dungeon.
You worshipped Fedhas.
Fedhas was pleased with you.
You visited 1 branch of the dungeon, and saw 2 of its levels.

You collected 62 gold pieces.

Inventory:

Hand Weapons
 a - a +0 hand axe (weapon)
Armour
 b - a +0 robe (worn)
 d - an orb of light (worn)
Jewellery
 h - an amulet of regeneration
 l - a ring of willpower
Scrolls
 e - a scroll of enchant weapon {unknown}
 g - 2 scrolls of identify {unknown}
 j - a scroll of fear {unknown}
Potions
 f - a potion of haste
 i - 2 potions of brilliance {unknown}
 k - a potion of lignification {unknown}


   Skills:
 + Level 3.4 Fighting
 + Level 3.1 Axes
 + Level 3.0 Dodging


You had one spell level left.
You didn't know any spells.
Your spell library was empty.

Dungeon Overview and Level Annotations

Branches:
Dungeon (2/15)

Altars:
Fedhas

Annotations:
D:2 Jessica, Terence


Innate Abilities, Weirdness & Mutations

You regenerate a little health from kills.


Message History

Terence says, "Time to say good-bye..."
Terence hits you with a +3 morningstar!
* * * LOW HITPOINT WARNING * * *
Jessica casts a spell.
Jessica blinks!
You hit Terence but do no damage. Terence barely misses you.
Terence closely misses you.
An endoplasm comes into view.
You hit Terence.
Terence is moderately wounded.
Terence barely misses you. x2
Unknown command.
Terence hits you with a +3 morningstar. Terence closely misses you.
Unknown command.
Terence hits you with a +3 morningstar.
Jessica shouts, "You are a ghastly nuisance!"
There is a stone staircase leading up, spattered with blood here.
Terence attacks as you move away! Terence hits you with a +3 morningstar!
* * * LOW HITPOINT WARNING * * *
Terence hits you with a +3 morningstar!
* * * LOW HITPOINT WARNING * * *
You hit Terence but do no damage.
Terence is lightly wounded.
Terence closely misses you.
You feel less invigorated.
You feel less confused. Terence closely misses you.
The endoplasm jiggles.
The endoplasm misses you. Terence misses you.
Unknown command.
You barely miss Terence.
Terence is lightly wounded.
You hit the endoplasm but do no damage. Terence closely misses you.
The endoplasm freezes you.
You are frozen.
* * * LOW HITPOINT WARNING * * *
Jessica gestures at you while chanting.
You barely resist. Terence hits you with a +3 morningstar!
You die...
Fedhas appreciates your contribution to the ecosystem.

#.#....†.......#
.#######.####..##..#.##
............>........#
..######.########......
#.......## ...####
#.####...## #...#
##.####....# .#
#....@....#.# .#
...#.#.@@.##.# #...J..#
.@. ........#.......
...#.##.###..... .....
... ##### #.##....# #
###.# #.# ..


You could see Terence (fast), Jessica and an endoplasm.

Vanquished Creatures
  A dart slug (D:1)
  2 endoplasms
  2 giant cockroaches (D:1)
  4 goblins
  5 hobgoblins
  2 ball pythons
  2 bats
  4 frilled lizards
  A kobold (D:1)
23 creatures vanquished.

Notes
Turn   | Place    | Note
-------+----------+-------------------------------------------
     0 | D:1      | innerfire43 the Demonspawn Monk began the quest for the
                  | Orb.
     0 | D:1      | Reached XP level 1. HP: 18/18 MP: 1/1
   226 | D:1      | Gained mutation: You regenerate a little health from kills.
                  | [demonic ancestry]
   226 | D:1      | Reached XP level 2. HP: 24/24 MP: 2/2
   244 | D:1      | Found a faded altar of an unknown god.
   447 | D:1      | Prayed at the altar of an unknown god.
   447 | D:1      | Became a worshipper of Fedhas Madash
   447 | D:1      | Reached * piety under Fedhas
   447 | D:1      | Reached ** piety under Fedhas
   712 | D:2      | Noticed Jessica
   808 | D:2      | Noticed Terence
   822 | D:2      | Slain by Terence

Illustrated notes

Levels and vault maps discovered:
D:1:      doesnt_arrival_eight_statues, layout_basic,
          ebering_ecumenical_altar_mist, moated_statue, serial_park_tiny_1,
          kennysheep_pointless_box
D:2:      layout_loops_cross, uniq_terence, uniq_jessica

Skill      XL: |  1  2 |
---------------+-------+-----
Axes           | 3 |  3.1
Dodging        | 3 |  3.0
Fighting       | |  3.4

Action                     || total
---------------------------++-------
  Melee: Hand axe          ||    53
    Use: Potion            ||     1
 Armour: Robe              ||     7
  Dodge: Dodged            ||    47

Table legend: (Time is in decaauts)
 A = Elapsed time spent in this place.
 B = Non-inter-level travel time spent in this place.
 C = Inter-level travel time spent in this place.
 D = Time resting spent in this place.
 E = Time spent auto-exploring this place.
 F = Levels seen in this place.
 G = Mean time per level.
                   A        B        C        D        E       F      G
               +--------+--------+--------+--------+--------+-----+--------+
         Total |    830 |    760 |     70 |      0 |    624 |   2 |  415.0 |
       Dungeon |    830 |    760 |     70 |      0 |    624 |   2 |  415.0 |
               +--------+--------+--------+--------+--------+-----+--------+

Top non-repeatable levels by time:
     D:1: 718 daAuts
     D:2: 112 daAuts
